Cogmind - Beta 15 @@@ ROGUE MODE // 2025.08.04 @ 14:56:09 Player: KN-OKO Result: Destroyed by P-60 Hacker with Shock Rifle Performance ------------- Evolutions (0) 0 Regions Visited (3) 600 Robots Destroyed (40) 200 Value Destroyed (943) 943 Prototype IDs (11) 220 Alien Tech Used (0) 0 Bonus (0) 0 TOTAL SCORE: 1963 Bonus ------- None Cogmind --------- Core Integrity 0/250 Matter 265/300 Energy 125/125 System Corruption 2% Temperature Cool (12) Movement Rolling (145) Ox3 Location -7/Recycling Parts ------- > --- POWER (1) -------- Light Ion Engine > --- PROPULSION (2) --- Compact Wheel > --- UTILITY (2) ------ High-capacity Storage Unit > --- WEAPON (2) ------- Autogun Autogun > --- INVENTORY (20) --- Improved Titanium Leg Arachnoskeleton Myomer Leg Scrap Shield Subdweller Beam Cannon Subdweller Beam Cannon Autogun Autogun Shotgun Subdweller Machine Gun Subdweller Machine Gun Battle Cannon Grenade Launcher Grenade Launcher Subdweller Shrapnel Launcher Dirty Datajack (20) Multitool Peak State ------------ > --- POWER ------------ Light Ion Engine > --- PROPULSION ------- Myomer Leg Compact Wheel > --- UTILITY ---------- High-capacity Storage Unit > --- WEAPON ----------- Autogun Autogun > --- INVENTORY -------- Arachnoskeleton Scrap Shield Subdweller Beam Cannon Subdweller Beam Cannon Autogun Autogun Shotgun Shotgun Shotgun Subdweller Machine Gun Subdweller Machine Gun Battle Cannon Grenade Launcher Grenade Launcher Subdweller Shrapnel Launcher Dirty Datajack Multitool [Rating: 19] Favorites ----------- Power Neutrino Core Engine Light Ion Engine Power Core Neutrino Core Propulsion Light Treads Treads Light Treads Leg Myomer Leg Wheel Compact Wheel Utility Seismic Detector Device Seismic Detector Storage High-capacity Storage Unit Protection Weapon Shielding Weapon Battle Cannon Energy Gun Medium Laser Energy Cannon Subdweller Beam Cannon Ballistic Gun Autogun Ballistic Cannon Battle Cannon Launcher Grenade Launcher Build | -11 -10 -10 -7 ------- Run | Yrd Mat Sub Rec Slots Evolved . | . . . . Power . | . . . . Propulsion . | . . . . Utility . | . . . . Weapon . | . . . . Parts Attached 34 | 7 8 14 5 Power 3 | 1 . 1 1 Engine 2 | 1 . . 1 Core 1 | . . 1 . Reactor . | . . . . Propulsion 10 | 2 3 3 2 Treads 6 | 2 2 2 . Leg 1 | . . 1 . Wheel 3 | . 1 . 2 Hover . | . . . . Flight . | . . . . Utility 5 | 2 1 2 . Device 1 | 1 . . . Storage 2 | 1 1 . . Processor . | . . . . Hackware . | . . . . Protection 2 | . . 2 . Artifact . | . . . . Weapon 16 | 2 4 8 2 Energy Gun 3 | 1 1 1 . Energy Cannon 3 | . . 3 . Ballistic Gun 6 | 1 2 1 2 Ballistic Cannon 2 | . . 2 . Launcher 2 | . 1 1 . Special Weapon . | . . . . Impact Weapon . | . . . . Slashing Weapon . | . . . . Piercing Weapon . | . . . . Special Melee Weapon . | . . . . Unidentified Prototypes . | . . . . Parts Lost 8 | . . 7 1 Power 1 | . . 1 . Propulsion 5 | . . 4 1 Utility 1 | . . 1 . Weapon 1 | . . 1 . Highest Loss Streak 3 | . . 3 1 To Critical Strikes . | . . . . Average Backups 15 | 4 8 17 17 Power . | . . . . Propulsion 2 | 3 1 2 1 Utility 1 | . . 1 1 Weapon 10 | . 5 11 12 Tool/Special . | . . . . Unused Backups 17 | . 5 3 9 Power 2 | . 1 1 . Propulsion 4 | . 3 . 1 Utility 1 | . . 1 . Weapon 8 | . 1 1 6 Tool/Special 2 | . . . 2 Average Slot Usage (%) 93 | . 99 92 75 Engine 3 | . 14 . 10 Core 6 | . . 8 . Treads 25 | . 27 26 . Device 12 | . 14 12 . Storage 13 | . 14 13 14 Energy Cannon 4 | . . 5 2 Ballistic Gun 10 | . 25 6 22 Ballistic Cannon 11 | . . 15 2 Peak Build Rating 19 | 7 10 18 19 Average Rating 14 | 5 9 15 14 On Entrance 8 | . 7 10 17 Naked Turns . | . . . . Heaviest Build 67 | 13 50 67 51 Greatest Support 40 | 40 40 40 32 Greatest Overweight (x) 9 | 3 4 9 3 Average Overweight (x) . | . . 1 1 Largest Inventory Capacity 20 | 8 20 20 20 Average Capacity 18 | 7 13 19 20 Most Carried 20 | 6 11 20 20 Average Carried 16 | 4 8 19 19 Final Capacity 20 | 8 20 20 20 Final Carried 20 | 6 11 20 20 Class Distribution -------------------- 68% | Scavenger-Mutant 31% | Mutant Dominant Class ---------------- Mutant | -10/Materials Scavenger-Mutant | -10/Subcaves Mutant | -7/Recycling Resources | -11 -10 -10 -7 ----------- Run | Yrd Mat Sub Rec Matter Collected 1631 | 264 342 906 119 Remotely . | . . . . Salvage Created 1287 | 18 410 687 172 Parts 81 | 3 34 39 5 Haulers Intercepted 2 | . 2 . . Recyclers Shooed . | . . . . Parts Field Recycled . | . . . . Retrieved Matter . | . . . . Parts Self-Destructed 26 | . . 26 . Prevented . | . . . . Kills | -11 -10 -10 -7 ------- Run | Yrd Mat Sub Rec Combat Hostiles Destroyed 28 | . 9 18 1 Guns 13 | . 7 5 1 Cannons 8 | . . 8 . AOE 6 | . 2 4 . Classes Destroyed 9 | 1 6 2 . Worker 2 | . 2 . . Tunneler 1 | 1 . . . Hauler 2 | . 2 . . Recycler 3 | . 2 . 1 Turret 2 | . . 2 . Watcher 2 | . 2 . . Swarmer 10 | . 6 3 1 Grunt 5 | . 3 2 . Subdweller 13 | . . 13 . Best Kill Streak 4 | 1 4 3 1 Combat Bots Only 3 | . 3 3 1 Max Kills in Single Turn 2 | 1 2 2 1 Gunslinging . | . . . . Exploded 2 | . 2 2 . Melee . | . . . . Uniques/NPCs Destroyed . | . . . . Combat | -11 -10 -10 -7 -------- Run | Yrd Mat Sub Rec Hostile Shots Fired 184 | . 22 133 29 Missed 69 | . 5 56 8 Hits 115 | . 17 77 21 Melee 2 | . . . 2 Projectile 113 | . 17 77 19 Critical Strikes 1 | . . 1 . Damage Taken 1557 | . 154 1115 288 Core 250 | . 7 154 89 Absorbed by Shields . | . . . . Redirected to Shielding 14 | . . 14 . Core Remaining (%) 100 | 100 . . . Volleys Fired 215 | 2 37 167 9 Largest 2 | 2 2 2 2 Hottest 140 | 70 100 140 46 Shots Fired 301 | 4 72 207 18 Gun 151 | 4 71 58 18 Cannon 144 | . . 144 . Launcher 6 | . 1 5 . Special . | . . . . Kinetic 230 | 2 64 146 18 Thermal 65 | 2 7 56 . Explosive 6 | . 1 5 . Electromagnetic . | . . . . Robot Hit Streak 12 | 1 12 12 6 Robot Miss Streak 6 | 2 6 6 3 Penetration Max . | . . . . Secondary Targets . | . . . . Shots Hit Robots 135 | 2 44 78 11 Core Hits 53 | 1 18 31 3 Critical Kills 2 | . . 2 . Critical Parts Destroyed . | . . . . Critical Strikes 6 | . 1 5 . Burn 1 | . 1 . . Meltdown 1 | . . 1 . Destroy 1 | . . 1 . Blast 3 | . . 3 . Melee Attacks . | . . . . Impact . | . . . . Slashing . | . . . . Piercing . | . . . . Sneak Attacks . | . . . . Combat Hostiles . | . . . . Follow-up Attacks . | . . . . Damage Inflicted 2936 | 24 767 1928 217 Guns 1630 | 24 689 700 217 Cannons 931 | . . 931 . Explosions 366 | . 69 297 . Melee . | . . . . Ramming 9 | . 9 . . Kinetic 1757 | 11 615 914 217 Thermal 804 | 13 74 717 . Explosive 366 | . 69 297 . Electromagnetic . | . . . . Impact . | . . . . Slashing . | . . . . Piercing . | . . . . Highest Corruption 2 | . . . 2 Average Corruption 2 | . . . 2 Corruption Purged . | . . . . Corruption Blocked . | . . . . Overload Shots . | . . . . Overflow Damage 20 | . . 20 . Projectiles 10 | . . 10 . Explosions 10 | . . 10 . Melee . | . . . . Knockbacks 5 | . . 5 . Impact . | . . . . Kinetic 5 | . . 5 . Secondary . | . . . . Self-Inflicted Damage 7 | . . 7 . Shots 1 | . . 1 . Rammed 2 | 1 1 . . Targets Rammed 4 | 1 3 . . Kicked . | . . . . Crushed 2 | . 2 . . Highest Temperature 231 | 18 78 231 12 Average Temperature 31 | 10 12 64 5 Received Heat Transfer 659 | . 36 614 9 Siege Activations . | . . . . Martial Activations . | . . . . Shielding Activations . | . . . . Robots Disrupted . | . . . . Combat Hostiles . | . . . . Robots Corrupted . | . . . . Combat Hostiles . | . . . . Parts Fried . | . . . . Impact Corruptions . | . . . . Robots Melted 2 | . 1 1 . Combat Hostiles 1 | . . 1 . Parts Melted 3 | . . 3 . Heat Transferred 1250 | 37 296 917 . Parts Sabotaged . | . . . . Parts Stolen . | . . . . Parts Stripped . | . . . . Power Chain Reactions . | . . . . Alert | -11 -10 -10 -7 ------- Run | Yrd Mat Sub Rec Maximum Alert Level . | . . . . Low Security (%) 100 | 100 100 . 100 Level 1 . | . . . . Level 2 . | . . . . Level 3 . | . . . . Level 4 . | . . . . Level 5 . | . . . . High Security . | . . . . Max Security . | . . . . Peak Influence 194 | 5 194 . 55 Initial 55 | . . . 55 Average 50 | . 61 . 16 Influence Increases 550 | 5 320 195 30 Destroy 0b10 Robot/C 340 | . 180 140 20 Destroy 0b10 Robot/NC 55 | 5 40 . 10 Destroy Leader 48 | . 38 10 . Successful Hack 5 | . 5 . . Destroy Structure 12 | . 12 . . Partial Spotted 15 | . 15 . . Lose Combat Pursuer 75 | . 30 45 . Influence Decreases 540 | 5 320 80 135 Entered New Map 60 | . . . 60 Time Decay 440 | 5 320 50 65 Lost Part 40 | . . 30 10 Squads Dispatched 1 | . 1 . . Investigation . | . . . . Extermination . | . . . . Reinforcement 1 | . 1 . . Assault . | . . . . Garrison . | . . . . Intercept . | . . . . Searches Triggered . | . . . . Construction Impeded . | . . . . Haulers Reinforced . | . . . . Active Scanning Responses . | . . . . Cargo Convoy Interrupts . | . . . . Stealth | -11 -10 -10 -7 --------- Run | Yrd Mat Sub Rec Distress Signals 2 | . 2 . . Communications Jammed . | . . . . Distress Signals . | . . . . Times Spotted 49 | . 22 21 6 Peak Tracking Total 6 | . 4 5 6 Tactical Retreats 4 | . 2 2 . Traps | -11 -10 -10 -7 ------- Run | Yrd Mat Sub Rec Traps Triggered 4 | . 2 2 . Indirectly . | . . . . Trap Hack Attempts . | . . . . Triggered . | . . . . Disarmed . | . . . . Reprogrammed . | . . . . Reused . | . . . . Traps Extracted . | . . . . Installed . | . . . . Triggered . | . . . . Machines | -11 -10 -10 -7 ---------- Run | Yrd Mat Sub Rec Machines Disabled 2 | . . 2 . Max in Single Turn 1 | . . 1 . Machines Repaired . | . . . . Machines Dismantled . | . . . . Machines Sabotaged . | . . . . Overloaded Fab Kills . | . . . . Hacking | -11 -10 -10 -7 --------- Run | Yrd Mat Sub Rec Machines Accessed 2 | . 1 1 . Terminals 1 | . 1 . . Fabricators . | . . . . Repair Stations . | . . . . Recycling Units . | . . . . Scanalyzers . | . . . . Garrison Access . | . . . . Total Hacks 5 | . 4 1 . Successful 3 | . 2 1 . Failed 2 | . 2 . . Catastrophic 1 | . 1 . . Database Lockouts . | . . . . Manual 3 | . 3 . . Terminals 4 | . 4 . . Fabricators . | . . . . Repair Stations . | . . . . Recycling Units . | . . . . Scanalyzers . | . . . . Garrison Access . | . . . . Terminal Hacks 2 | . 1 1 . Zone Layout 1 | . 1 . . Proto ID Catalog 1 | . . 1 . Fabricator Hacks . | . . . . Repair Station Hacks . | . . . . Recycling Unit Hacks . | . . . . Scanalyzer . | . . . . Garrison Access Hacks . | . . . . Unauthorized Hacks 1 | . 1 . . Terminals 1 | . 1 . . Track 1 | . 1 . . Fabricators . | . . . . Repair Stations . | . . . . Recycling Units . | . . . . Scanalyzers . | . . . . Garrison Access . | . . . . Data Cores Recovered . | . . . . Used . | . . . . Hacking Detections 1 | . 1 . . Full Trace Events . | . . . . Feedback Events . | . . . . Feedback Blocked . | . . . . Robot Schematics Acquired . | . . . . Robots Built . | . . . . Authchips . | . . . . Time . | . . . . Total Robot Build Rating . | . . . . Part Schematics Acquired . | . . . . Parts Built . | . . . . Authchips . | . . . . Time . | . . . . Total Part Build Rating . | . . . . Parts Repaired . | . . . . Time . | . . . . Parts Recycled . | . . . . Recycled Matter . | . . . . Retrieved Matter . | . . . . Retrieved Components . | . . . . Parts Scanalyzed . | . . . . Part Schematics Acquired . | . . . . Parts Damaged . | . . . . Bothacking | -11 -10 -10 -7 ------------ Run | Yrd Mat Sub Rec Used RIF Installer . | . . . . Robots Hacked . | . . . . Non-combat . | . . . . Combat . | . . . . Robot Hacks Applied . | . . . . Relay Couplers Released . | . . . . Fabnet Peak Effective % . | . . . . Robots Rewired . | . . . . Allies Hacked . | . . . . Hacks Repelled . | . . . . Allies | -11 -10 -10 -7 -------- Run | Yrd Mat Sub Rec Total Allies . | . . . . Largest Group . | . . . . Highest-Rated Group . | . . . . Highest-Rated Ally . | . . . . Total Orders . | . . . . Ally Attacks . | . . . . Total Damage . | . . . . Kills . | . . . . Allies Corrupted . | . . . . Allies Melted . | . . . . Intel | -11 -10 -10 -7 ------- Run | Yrd Mat Sub Rec Active Infowar (turns) 5886 | 34 1244 4608 . Seismic 5886 | 34 1244 4608 . Robot Analysis Total . | . . . . Derelict Logs Recovered 1 | . . 1 . Drone Launches . | . . . . Drone Recoveries . | . . . . Exploration | -11 -10 -10 -7 ------------- Run | Yrd Mat Sub Rec Turns Passed 6653 | 103 1249 5049 252 Spaces Moved 2612 | 51 517 1880 164 Core 18 | 16 1 1 . Treads 2299 | 35 483 1781 . Legs 116 | . . 98 18 Wheels 179 | . 33 . 146 Hover . | . . . . Flight . | . . . . Fastest Speed 50 | 50 100 190 115 Average Speed 222 | 154 189 241 133 Slowest Speed 500 | 200 250 500 260 Overloaded Moves . | . . . . Propulsion Burnouts . | . . . . Robots Hopped . | . . . . Potential Cave-ins . | . . . . Cave-ins Triggered . | . . . . Exploration Rate (%) 55 | 4 85 96 35 Regions Visited 3 Branch Regions 2 Pre-discovered Areas 1 | . . 1 . Known Exits Taken . | . . . . Unknown Exits Taken 3 | 1 1 1 . Scrap Searched 9 | . . 9 . Spaces Dug 5 | . . 5 . Terrain Destroyed 49 | . 9 40 . Melee . | . . . . Projectile 12 | . . 12 . AOE 37 | . 9 28 . Terrain Rammed . | . . . . Walls Destroyed . | . . . . Machines Disabled . | . . . . Actions | -11 -10 -10 -7 --------- Run | Yrd Mat Sub Rec Total 3166 | 67 728 2188 183 Wait 205 | 1 133 70 1 Move 2610 | 51 516 1879 164 Hop . | . . . . Pick Up 51 | 6 12 32 1 Fast Attach 21 | 7 7 4 3 Attach 8 | . 2 6 . Detach 5 | . 2 2 1 Swap 21 | . 5 14 2 Drop 27 | . 11 14 2 Fire 215 | 2 37 167 9 Melee . | . . . . Ram . | . . . . Kick . | . . . . Crush 3 | . 3 . . Escape Stasis . | . . . . Rewire . | . . . . Trap . | . . . . Miscellaneous . | . . . . Route ------- -11/Scrapyard -10/Materials (discovered 4 exits: [*Mat x2] / [*Min] / *Sub) -10/Subcaves (discovered 3 exits: [*Mat x2] / [*Rec]) -7/Recycling (discovered 1 exit: [*Fac]) History --------- Turn | Location | Event 30 | -11/Scrapyard | Discovered new exit (range 15) 104 | -11/Scrapyard | Entered Materials 286 | -10/Materials | Discovered new exit (range 8) 314 | -10/Materials | Build established: Mutant 755 | -10/Materials | Discovered new exit (range 12) 1044 | -10/Materials | Discovered new exit (range 5) 1334 | -10/Materials | Discovered new exit (range 9) 1353 | -10/Materials | Entered Subcaves 1456 | -10/Subcaves | Disturbed a concealed Subdweller 1763 | -10/Subcaves | Build established: Scavenger-Mutant 1879 | -10/Subcaves | Shifting Twisted Machinery released Sub. Beam Cannon 1925 | -10/Subcaves | Shifting Twisted Machinery released Sub. Power Source 1993 | -10/Subcaves | Discovered new exit (range 6) 2719 | -10/Subcaves | Ambushed by Subdwellers from Twisted Machinery 4072 | -10/Subcaves | Disturbed a concealed Subdweller 4157 | -10/Subcaves | Learned Materials non-interactive machine intel 4674 | -10/Subcaves | Visited 4L-MR0's lab 4727 | -10/Subcaves | Lost 3 parts (1p2n) 4769 | -10/Subcaves | Found Arachnoskeleton 5635 | -10/Subcaves | Learned location of Zion (-7) 5635 | -10/Subcaves | Met a Zionite searching for "candidates" 5948 | -10/Subcaves | Discovered new exit (range 13) 6026 | -10/Subcaves | Core integrity fell below 50% 6135 | -10/Subcaves | Discovered new exit (range 15) 6361 | -10/Subcaves | Build established: Mutant 6402 | -10/Subcaves | Entered Recycling 6598 | -7/Recycling | Discovered new exit (range 15) 6652 | -7/Recycling | Core integrity fell below 20% 6654 | -7/Recycling | Destroyed by P-60 Hacker with Shock Rifle Last Messages --------------- 06466_ Acquired 10 matter. 06474_ R-06 Scavenger collects Shotgun. 06483_ Destroyed Com. Wheel. 06486_ R-06 Scavenger destroyed. 06490_ Acquired Com. Wheel. 06491_ Acquired 26 matter. 06598_ EXIT=FOUND 06628_ Dropped Shotgun. 06629_ Acquired Imp. Titanium Leg. 06637_ R-06 Scavenger collects Shotgun. 06640_ S-27 Virus springs to life. 06640_ P-60 Hacker springs to life. 06640_ H-55 Commando springs to life. 06644_ Slug penetrates Wall. 06645_ Destroyed Shock Rifle. 06645_ S-27 Virus destroyed. 06646_ Com. Wheel destroyed. 06647_ Slug penetrates Wall. 06650_ Destroyed Imp. Melee Analysis Suite. 06653_ Destroyed Imp. Heat Sink. Map ----- +----------------------------------------------------+ | """ + ???????????????????????????????????????? | | """ # ???????????????????????????????????????? | | """ # #?????????????? ?????????????????????? | | "" # #?????????????# #????????????????????? | | "T # #?????????????# #????????????????????? | | "" # ##????????????# #????????????????????? | | # ?????????????# #????????????????????? | | ###+##### #?????????????+ +????????????????????? | | ### ##### #?????????????# #????????????????????? | | #?????????????# #????????????????????? | | #?????????????# #????????????????????? | | #?????????????# #????????????????????? | | #????#######??# #????????????????????? | | ##### #????#"""""#??# #????????????????????? | | #???#+######""T""#### ##############???????? | | #???# # # #???????? | | ####???# """ """ """ # # #????????? | | #??????# """ """ """ + + #????????? | | +###????# """ """ """ # # #????????? | | #????# # ##### #######????????? | | #????##########" "#### #????????????????????? | | #?????????????#"T"#??# #????????????????????? | | "" #?????????????#"""#??# r###########??????????? | | " #??????????#######???# # #??????????? | | #??????????# ! ????# # ! #??????????? | | #??????????# ??#@ # ! ! #??????????? | | "" #??????????#* #pl # ! ] #??????????? | | " #??????????# !+ p +! #??????????? | | ? #??????????# !# g # #??????????? | | #??????????# ! %# # #??????????? | | #??????????# ?# #! ! #??????????? | | ###???????????# !??# < ###########??????????? | | ??????????????#######???# #????????????????????? | | ????????????????????????#####????????????????????? | | ?????????????????????????????????????????????????? | | ?????????????????????????????????????????????????? | | ?????????????????????????????????????????????????? | | ?????????????????????????????????????????????????? | | | | | | | | | | | | | | | | | | | | | | | | | +----------------------------------------------------+ Best States ------------- Heat Dissipation 25 Energy Generation 19 Energy Capacity 315 Matter Stores 300 Matter Capacity 300 Sight Range 16 Terrain Scan Density 10 Armor Coverage 800 Weapon Shielding 33 Evasion (%) 40 Recoil Reduction 2 Item Schematics ----------------- None Robot Schematics ------------------ None Fabricated ------------ Nothing Repaired ---------- Nothing Alien Tech Used ----------------- None Achievements -------------- None Challenges ------------ None Game ------ Seed LinearPropulsionVibroblade Manual? 0 Play Time 00:23:24 Cumulative 526.5 hours Start 2025.08.04 @ 14:34:05 End 2025.08.04 @ 14:56:09 Sessions 1 Manual Loads 0 Difficulty Rogue Special Mode None Game No. 360 Rogue 360 Adventurer 0 Explorer 0 Win Type - Total 50 Types 43/0/5/2/0/0/0/0/0/0 Lore% 84 Gallery% 81 Achievement% 73 Wizard Run 0 Options --------- Layout 0 ASCII 0 Keyboard 1 Movement Numpad Keybinds 0 Fullscreen 2 Font 24/Tamsyn Map View 76x50 Zoom Use 0% Tactical HUD 1 Map Filters NONE Filters NONE Steam 1 RUN: 5b4f3e00-eff9-40c7-9e58-85584a9c8684